Map: World of Sleepers LE

Players

Forum

  • Race: Terran Terran
  • League: Master
  • Spawn Location: 7:00

Mez - Winner!

  • Race: Terran Terran
  • League: Master
  • Spawn Location: 1:00

VOD

Have the link to the VOD?

Description

Time

  • Played on: Aug. 31, 2019, 7:50 a.m.
  • Length: 7:55
Show
View Real Time Build Order
Export as new Build Order

Forum Terran 

Build Orders: 1/1/1 

Get SALT Encoding   

  12  0:01  SCV  
  13  0:13  SCV  
  14  0:17  Supply Depot  
  14  0:25  SCV  
  15  0:38  SCV  
  15  0:39  Barracks  
  16  0:44  Refinery  
  16  0:50  SCV  
  16  0:53  Refinery  
  17  1:02  SCV  
  18  1:14  SCV  
  19  1:26  Marine  
  19  1:27  SCV, Supply Depot  
  19  1:31  Factory  
  21  1:39  SCV  
  22  1:43  Marine  
  23  1:51  SCV  
  24  2:01  Marine  
  24  2:03  SCV  
  26  2:15  SCV  
  27  2:17  Factory Tech Lab, Starport  
  27  2:26  Barracks Reactor  
  27  2:29  Orbital Command  
  27  2:37  Siege Tank  
  27  2:44  Supply Depot  
  30  2:56  SCV  
  30  2:58  Starport Reactor  
  30  3:04  Marine, Supply Depot  
  30  3:05  Marine  
  32  3:10  SCV  
  33  3:14  Siege Tank  
  36  3:23  Marine x2  
  36  3:25  SCV  
  39  3:28  Supply Depot  
  39  3:39  Medivac x2  
  43  3:44  Marine x2  
  43  3:47  SCV  
  46  4:07  Liberator  
  46  4:08  Command Center  
  46  4:12  Marine x2  
  51  4:31  Siege Tank  
  50  4:40  Supply Depot  
  49  4:49  Marine  
  47  5:02  Marine  
  12  5:50  Orbital Command  
  12  6:32  Siege Tank  
  9  6:35  SCV  
  9  6:39  Marine  
  11  6:50  SCV  
  12  6:56  Marine  
  13  7:02  SCV  
  14  7:14  Marine, Hellion  
  17  7:32  Marine  
Show
View Real Time Build Order
Export as new Build Order

Mez Terran - Winner!

Build Orders: Gas First Reaper Expand, Hellion Opening 

Get SALT Encoding   

  12  0:00  SCV  
  13  0:13  SCV  
  14  0:17  Supply Depot  
  14  0:25  SCV  
  15  0:30  Refinery  
  15  0:39  SCV  
  16  0:45  Barracks  
  16  0:51  SCV  
  17  1:03  SCV  
  18  1:15  SCV  
  19  1:33  Orbital Command, Reaper  
  20  1:43  Command Center  
  20  1:52  Factory  
  20  1:59  SCV  
  21  2:07  Barracks Reactor, Supply Depot  
  21  2:14  Refinery  
  22  2:15  SCV  
  22  2:27  SCV  
  23  2:42  SCV, Starport  
  24  2:49  Hellion  
  24  2:50  Hellion  
  28  2:54  Barracks Tech Lab  
  28  2:55  Orbital Command  
  28  3:17  Marauder  
  28  3:19  Hellion x2  
  34  3:20  Concussive Shells  
  34  3:21  Medivac  
  34  3:26  SCV  
  34  3:27  SCV  
  38  3:30  Supply Depot  
  38  3:38  SCV  
  38  3:40  Marauder  
  41  3:46  Hellion x2  
  45  3:50  SCV  
  45  3:52  SCV  
  47  3:58  Supply Depot  
  47  4:12  SCV  
  47  4:16  SCV  
  49  4:20  Factory Tech Lab  
  49  4:21  Command Center  
  49  4:22  Raven  
  51  4:25  Marine x2  
  53  4:58  Marine x2  
  54  5:12  SCV x2  
  51  5:16  Marine x2  
  51  5:17  Raven  
  37  5:42  SCV x2  
  27  6:02  Viking  
  26  6:07  Marine  
  27  6:16  Command Center  
  27  6:20  Barracks  
  27  6:21  Barracks  
  27  6:25  Marine  
  27  6:30  SCV x2  
  24  6:42  SCV x2  
  25  6:51  Barracks Tech Lab  
  25  6:54  SCV x2  
  27  7:04  Starport Reactor  
  27  7:06  SCV  
  28  7:11  Marine x3  
  28  7:15  SCV  
  32  7:24  SCV  
  32  7:27  SCV  
  34  7:36  SCV  
Tags
 
Add a new tag
Caveats
  • Supply blocks, unpowered buildings, or Contaminate may cause inaccurate times.
  • Supply counts are checked every 10 seconds.